AoeStats
← GoogleWise

MegaRandom

510196736Analyzed
2v2 RM · 2d ago on Sep 29, 2026· 48m 22s· 4 players
Game mode
Random Map
Map size
Medium (4 player)
Population
200
Speed
Normal
Resources
Standard
Victory
Conquest
Starting age
Dark Age
Ending age
Imperial Age
RankedLock teamsTeams togetherTeam positionsShared explorationLock speedFull tech treeHidden civsTurbo modeCheats
Victory
Defeat
🇳🇴 Japanese · Norway
1029
+13
🇺🇸 Jurchens · United States
996
+15
🇨🇦 Cumans · Canada
969
-14
🇨🇭 Danes · Switzerland
963
-14
TheEskimoBrother
9:34 Feudal Age
10:28 Loom
16:37 Castle Age
15:13 Double-Bit Axe
15:12 Horse Collar
16:15 Stone Mining
18:00 Wheelbarrow
19:19 Bow Saw
23:15 Hand Cart
22:54 Town Watch
23:17 Gold Mining
25:21 Gold Shaft Mining
25:29 Heavy Plow
32:21 Imperial Age
29:54 Town Patrol
30:53 Treadmill Crane
31:24 Masonry
31:10 Murder Holes
31:06 Guard Tower
31:54 Ballistics
31:27 Guard Tower
31:35 Murder Holes
31:43 Murder Holes
32:15 Fletching
32:33 Elite Samurai
33:59 Forging
33:50 Scale Mail Armor
33:46 Bodkin Arrow
34:00 Padded Archer Armor
35:22 Iron Casting
34:58 Squires
36:51 Two-Man Saw
36:00 Bracer
36:17 Chain Mail Armor
37:04 Blast Furnace
36:39 Conscription
37:43 Keep
38:12 Chemistry
37:41 Kataparuto
37:59 Plate Mail Armor
38:00 Arson
38:47 Masonry
38:58 Fortified Wall
38:56 Siege Engineers
39:04 Yasama
39:49 Hoardings
43:21 Elite Cannon Galleon
Clueless Clown
0:28 Loom
9:04 Feudal Age
13:20 Castle Age
12:27 Scale Mail Armor
16:08 Squires
17:22 Gambesons
18:18 Arson
19:27 Chain Mail Armor
21:25 Double-Bit Axe
23:46 Wheelbarrow
23:28 Forging
24:48 Horse Collar
25:24 Hand Cart
26:26 Bow Saw
26:45 Heavy Plow
34:21 Imperial Age
33:16 Scale Barding Armor
33:23 Bloodlines
33:13 Husbandry
34:31 Chain Barding Armor
34:32 Elite Steppe Lancer
36:46 Conscription
37:31 Fletching
38:16 Plate Barding Armor
38:34 Iron Casting
38:30 Fortified Bastions
41:58 Blast Furnace
43:03 Bodkin Arrow
44:13 Chemistry
43:33 Ballistics
43:44 Bracer
43:12 Capped Ram
45:03 Siege Engineers
46:20 Siege Ram
47:37 Caravan
47:47 Guilds
GoogleWise
10:00 Feudal Age
10:57 Man-at-Arms
11:53 Double-Bit Axe
16:46 Loom
25:44 Castle Age
25:45 Wheelbarrow
36:25 Fletching
39:51 Murder Holes
40:18 Ballistics
40:06 Padded Archer Armor
41:35 Wheelbarrow
41:35 Scale Barding Armor
46:23 Imperial Age
48:00 Cuman Mercenaries
Meninkain
8:12 Loom
11:08 Feudal Age
17:42 Castle Age
16:37 Wheelbarrow
15:59 Double-Bit Axe
15:58 Horse Collar
18:43 Wheelbarrow
18:20 Forging
18:10 Scale Mail Armor
19:17 Squires
21:47 Iron Casting
21:27 Chain Mail Armor
27:14 Chain Mail Armor
27:16 Gold Mining
27:52 Stone Mining
28:43 Gold Shaft Mining
29:08 Arson
29:09 Gambesons
32:22 Stone Shaft Mining
34:16 Bow Saw
34:11 Heavy Plow
35:48 Hand Cart
35:18 Town Watch
39:00 Imperial Age
38:50 Scale Barding Armor
39:07 Town Patrol
39:40 Murder Holes
39:56 Masonry
40:43 Conscription
39:45 Hamask
42:18 Capped Ram
43:14 Fletching
44:43 Blast Furnace
44:14 Plate Mail Armor
43:10 Elite Jomsviking
44:41 Elite Varangian Guard
45:51 Onager
47:16 Bodkin Arrow
Connection lost

Rejoining the realm…

Still unreachable

The connection could not be restored.

Session expired

The server has moved on; the page needs a fresh start.